 Dungeon Crawl Stone Soup version 0.29-a0-266-gf56f883ddd (webtiles) character file.

Game seed: 4676348158797847324

37 Anon1729 the Sneak (level 3, 0/29 HPs)
             Began as a Demigod Brigand on Mar 6, 2022.
             Slain by a gnoll
             ... wielding a +0 club
              (6 damage)
             ... on level 2 of the Dungeon.
             The game lasted 00:01:27 (1702 turns).

Anon1729 the Sneak (Demigod Brigand)                Turns: 1702, Time: 00:01:28

Health: 0/29       AC:  3    Str: 12    XL:     3   Next: 7%
Magic:  5/5        EV: 12    Int: 13    God:
Gold:   66         SH:  0    Dex: 19    Spells: 2/2 levels left

rFire   . . .      SeeInvis .   a - +2 dagger
rCold   . . .      Faith    .   (no shield)
rNeg    . . .      Spirit   .   b - +0 robe
rPois   .          Reflect  .   (no helmet)
rElec   .          Harm     .   c - +0 cloak
rCorr   .          Rampage  .   (no gloves)
Will    .....                   (no boots)
Stlth   +++.......              (no amulet)
HPRegen 0.09/turn               (no ring)
MPRegen 0.09/turn               (no ring)

@: no status effects
A: high MP 1, forlorn, divine attributes
a: no special abilities


You were on level 2 of the Dungeon.
You visited 1 branch of the dungeon, and saw 2 of its levels.

You collected 66 gold pieces.

Inventory:

Hand Weapons
 a - a +2 dagger (weapon)
Missiles
 d - 9 poisoned darts (quivered)
 e - 3 curare-tipped darts
Armour
 b - a +0 robe (worn)
 c - a +0 cloak (worn)
Scrolls
 f - a scroll of immolation {unknown}
 g - a scroll of identify {unknown}
 h - a scroll of amnesia {unknown}
 i - a scroll of teleportation {unknown}
 n - a scroll of noise {unknown}
Potions
 j - a potion of degeneration {unknown}
 k - a potion of curing {unknown}
 l - a potion of might {unknown}
 m - a potion of lignification {unknown}


   Skills:
 + Level 2.2 Fighting
 - Level 1.8 Short Blades
 + Level 2.2 Throwing
 + Level 1.5 Dodging
 + Level 3.9 Stealth


You had 2 spell levels left.
You didn't know any spells.
Your spell library contained the following spells:

 Spells                   Type           Power      Damage    Failure   Level
 Animate Skeleton         Necr           0%         N/A       30%         1
 Apportation              Tloc           0%         N/A       30%         1
 Magic Dart               Conj           0%         1d3       30%         1
 Summon Small Mammal      Summ           0%         N/A       30%         1
 Searing Ray              Conj           0%         2d4       43%         2
 Fulminant Prism          Conj/Hex       0%         3d6       97%         4


Dungeon Overview and Level Annotations

Branches:
Dungeon (2/15)


Innate Abilities, Weirdness & Mutations

You have an increased reservoir of magic. (+10% MP)
You shall have no god before yourself.
Your divine heritage dramatically boosts your attributes as you level up.


Message History

HP restored.
You see here a +0 short sword.
Found a short sword.
Found a stone staircase leading up.
A gnoll comes into view. It is wielding a +0 flail.
The gnoll shouts!
A gnoll comes into view. It is wielding a +0 club.
There are monsters nearby!
There are monsters nearby! 2 gnolls come into view.
You see here a +0 short sword.
The gnoll shouts! x2
You see here a +0 short sword.
The gnoll hits you with a +0 club.
You hit the gnoll.
The gnoll is lightly wounded.
The gnoll misses you. The gnoll attacks as you move away!
The gnoll barely misses you.
You barely miss the gnoll.
The gnoll is lightly wounded.
The gnoll hits you with a +0 club.
You barely miss the gnoll.
The gnoll is lightly wounded.
The gnoll closely misses you.
You hit the gnoll.
The gnoll is heavily wounded.
The gnoll hits you with a +0 club.
You hit the gnoll.
The gnoll is heavily wounded.
The gnoll barely misses you.
You completely miss the gnoll.
The gnoll is heavily wounded.
The gnoll hits you with a +0 club.
You hit the gnoll but do no damage.
The gnoll is heavily wounded.
The gnoll attacks as you move away! The gnoll hits you with a +0 club.
The gnoll attacks as you move away! The gnoll hits you with a +0 club.
* * * LOW HITPOINT WARNING * * *
The gnoll attacks as you move away! The gnoll hits you with a +0 club.
You die...

#.##### #........# #
##.#### #........# #
#.....# #........# #
##..g..# #........# #
####......######........###
.......g......)............
#........g######........###
#.###.....g...##........#
.........##@...##........#
.........##....###########
........##....#
........##....#
...........<###
............# #####.##....#
#........ ###....#


You could see 4 gnolls.

Vanquished Creatures
  An adder (D:2)
  2 dart slugs (D:1)
  A giant cockroach (D:2)
  A goblin (D:1)
  3 hobgoblins
  3 kobolds
  2 quokkas (D:1)
  3 ball pythons
  3 bats
  2 frilled lizards (D:1)
  4 rats (D:1)
25 creatures vanquished.

Notes
Turn   | Place    | Note
-------+----------+-------------------------------------------
     0 | D:1      | Anon1729 the Demigod Brigand began the quest for the Orb.
     0 | D:1      | Reached XP level 1. HP: 17/17 MP: 3/3
   134 | D:1      | Reached skill level 1 in Dodging
   388 | D:1      | Reached XP level 2. HP: 24/24 MP: 4/4
  1406 | D:2      | Reached XP level 3. HP: 8/29 MP: 5/5
  1702 | D:2      | Slain by a gnoll

Illustrated notes

Levels and vault maps discovered:
D:1:      dpeg_arrival_radiant, layout_loops_ring,
          ebering_ecumenical_altar_rust, nrook_mini_backslash
D:2:      layout_basic, minmay_misc_feat_pillars, lemuel_another_geyser

Skill      XL: |  1 |
---------------+----+-----
Dodging        | 1 |  1.5
Throwing       | 2 |  2.2
Fighting       | 2 |  2.2
Short Blades   | |  1.8
Stealth        | |  3.9

Action                   || total
-------------------------++-------
Melee: Dagger            ||    89
       Punch             ||     1
 Stab: Sleeping          ||    11
Armor: Robe              ||     8
Dodge: Dodged            ||    51

Table legend: (Time is in decaauts)
 A = Elapsed time spent in this place.
 B = Non-inter-level travel time spent in this place.
 C = Inter-level travel time spent in this place.
 D = Time resting spent in this place.
 E = Time spent auto-exploring this place.
 F = Levels seen in this place.
 G = Mean time per level.
                   A        B        C        D        E       F      G
               +--------+--------+--------+--------+--------+-----+--------+
         Total |   1694 |   1664 |     30 |    546 |    856 |   2 |  847.0 |
       Dungeon |   1694 |   1664 |     30 |    546 |    856 |   2 |  847.0 |
               +--------+--------+--------+--------+--------+-----+--------+

Top non-repeatable levels by time:
     D:1: 1137 daAuts
     D:2: 556 daAuts
